 Dungeon Sprint DCSS version 0.26-a0-712-ga5a9c9c9d0 (webtiles) character file.

Game seed: 6944853961462962829

127994557 tsouns the Ninja (level 24, 244/244 HPs)
             Began as a Naga Gladiator on Nov 8, 2020.
             Was the Champion of Cheibriados.
             Escaped with the Orb
             ... and 17 runes!
             The game lasted 01:01:58 (14246 turns).

tsouns the Ninja (Naga Gladiator)                  Turns: 14246, Time: 01:01:59

Health: 244/244    AC: 52    Str: 51    XL:     24   Next: 47%
Magic:  49/49      EV: 34    Int: 21    God:    Cheibriados [******]
Gold:   55         SH: 36    Dex: 30    Spells: 68/68 levels left

rFire    . . .     SeeInvis +   w - +7 trishula (holy)
rCold    + . .     Faith    +   L - +3 tower shield {AC+3}
rNeg     . . .     Spirit   .   s - +10 shadow dragon scales
rPois    +         Reflect  .   c - +1 helmet
rElec    .         Harm     .   B - +2 cloak
rCorr    .         Rampage  .   o - +1 pair of gloves
MR       +++..     NoTele   +   (no barding)
Stlth    ++++......             A - amulet "Pus Zetz" {Faith +Inv Str+10 Int-3 Stlth+}
HPRegen  0.50/turn              r - ring of protection from cold
MPRegen  0.31/turn              J - +4 ring of protection

@: very slow
A: large, see invisible, deformed body, deterioration 1, frail 1, poison
resistance, slowness 2, spit poison 1, constrict 1, AC +8
0: Orb of Zot
}: 17/17 runes: decaying, serpentine, barnacled, slimy, elven, silver, golden,
iron, obsidian, icy, bone, abyssal, glowing, magical, fiery, dark, gossamer
a: Spit Poison, Bend Time, Temporal Distortion, Slouch, Step From Time, Renounce
Religion, Evoke Invisibility


You escaped.
You worshipped Cheibriados.
Cheibriados was exalted by your worship.
You visited 1 branch You collected 1965 gold pieces.
You spent 1910 gold pieces at shops.

Inventory:

Hand Weapons
 b - the +7 sceptre of Asmodeus
   (You took it off Asmodeus in the Dungeon)
 n - a +2 halberd of venom
 q - a +4 demon trident
 w - a +7 trishula of holy wrath (weapon)
 x - a +3 glaive of distortion
 I - a +5 glaive of draining
 O - the +4 staff of Dispater
   (You took it off Dispater in the Dungeon)
 P - the +6 sword of Cerebov {flame}
   (You took it off Cerebov in the Dungeon)

   It has been specially enchanted to burn those struck by it, causing extra
   injury to most foes and up to half again as much damage against particularly
   susceptible opponents.
   Big, fiery blades are also staple armaments of hydra-hunters.
Missiles
 d - 3 throwing nets
 y - 33 boomerangs
 F - 17 javelins (quivered)
 H - 21 silver javelins
Armour
 c - a +1 helmet (worn)
 o - a +1 pair of gloves (worn)
 s - +10 shadow dragon scales (worn)
 v - +3 fire dragon scales {Xtahua}
 B - a +2 cloak (worn)
 D - the +3 shadow dragon scales of the Trout {rElec rC- rN+++ Str-2 Stlth++++}
   (You found it in the Dungeon)

   It affects your strength (-2).
   It makes you vulnerable to cold.
   It insulates you from electricity.
   It renders you almost immune to negative energy.
   It makes you much more stealthy.
 L - a +3 tower shield of protection (worn)
Jewellery
 a - an uncursed ring of protection from fire
 r - a ring of protection from cold (left hand)
 z - the amulet "Otaplu" {Reflect rElec SH+5}
   (You found it in the Dungeon)

   [amulet of reflection]

   It shields you and reflects attacks.
   It insulates you from electricity.
   It affects your SH (+5).
 A - the amulet "Pus Zetz" (around neck) {Faith +Inv Str+10 Int-3 Stlth+}
   (You bought it in a shop in the Dungeon)

   [amulet of faith]

   It allows you to gain divine favour quickly.
   It affects your strength (+10).
   It affects your intelligence (-3).
   It lets you turn invisible.
   It makes you more stealthy.
 C - the ring of Umnael {+Fly rC+ rN+ MR+}
   (You found it in the Dungeon)

   [ring of protection from magic]

   It protects you from cold.
   It protects you from negative energy.
   It affects your resistance to hostile enchantments.
   It lets you fly.
 J - a +4 ring of protection (right hand)
Wands
 i - a wand of iceblast (3)
 m - a wand of acid (4)
Scrolls
 j - 2 scrolls of blinking
 k - 6 scrolls of remove curse
 l - 3 scrolls of amnesia
 u - 3 scrolls of fear
 G - 3 scrolls of fog
 N - a scroll of identify
Potions
 e - 7 potions of curing
 f - a potion of heal wounds
 h - 9 potions of magic
 p - 4 potions of brilliance
 t - 2 potions of resistance
 E - a potion of stabbing
 K - 2 potions of flight
Miscellaneous
 g - a box of beasts (3/3)
 M - the horn of Geryon


   Skills:
 O Level 27 Fighting
 O Level 27 Polearms
 O Level 27 Throwing
 O Level 27 Armour
 O Level 27 Dodging
 O Level 27 Stealth
 O Level 27 Shields
 + Level 22.6 Unarmed Combat
 + Level 22.6 Spellcasting
 O Level 27 Invocations
 O Level 27 Evocations


You had 68 spell levels left.
You didn't know any spells.
Your spell library was empty.

Dungeon Overview and Level Annotations

Branches:
Dungeon (1/1)

Altars:
Cheibriados
Dithmenos
Elyvilon
Fedhas
Gozag
Hepliaklqana
Kikubaaqudgha
Makhleb
Nemelex Xobeh
Okawaru
Qazlal
Ru
Sif Muna
Trog
Uskayaw
Vehumet
Wu Jian
Xom
Yredelemnul
Zin
The Shining One
Beogh
Jiyva
Lugonu

Shops:
D *==[


Innate Abilities, Weirdness & Mutations

You cannot wear boots.
Your serpentine skin is tough. (AC +8)
You have supernaturally acute eyesight. (SInv)
Armour fits poorly on your strangely shaped body.
Your system is resistant to poisons. (rPois)
You cover ground very slowly.
You can spit poison.
You can use your snake-like lower body to constrict enemies.
Your body sometimes deteriorates upon taking damage.
You are frail. (-10% HP)


Message History

There is an ancient bone altar of Kikubaaqudgha here.
There is a hazy altar of Hepliaklqana here.
There is an opulent altar of Gozag here.
There is a blossoming altar of Fedhas here.
There is a white marble altar of Elyvilon here.
There is a shadowy altar of Dithmenos here.
There is a snail-covered altar of Cheibriados here.
A rust devil comes into view.
There is a roughly hewn altar of Beogh here.
There is an open door to the Temple here.
There is an open door here.
You catch the helpless rust devil completely off-guard!
You impale the rust devil!!
The rust devil convulses!!!
You kill the rust devil!
Cheibriados thoroughly appreciates the change of pace.
There is an open door to the Dungeon here.
There is a staircase leading out of the dungeon here.
Okay, then.
Okay, then.
You have escaped!

▓▓▓▓▓▓▓▓▓▓▓▓▓▓▓▓▓▓
▓@...'.....'.....'
▓▓▓▓▓▓▓▓▓▓▓▓▓▓▓▓▓▓
▓.................
▓.▓▓▓▓▓▓▓▓▓▓▓▓▓▓▓▓
▓)......').....=).
▓▓▓▓▓▓▓▓▓▓▓▓▓▓▓▓▓▓
▓.................
▓.▓▓▓▓▓▓▓▓▓▓▓▓▓▓▓▓
▓....1......1.')[)


There were no monsters in sight!

Vanquished Creatures
  Cerebov (D)
  Antaeus (D)
  Asmodeus (D)
  the Royal Jelly (D)
  Ereshkigal (D)
  Gloorx Vloq (D)
  A seraph (D)
  Lom Lobon (D)
  5 pandemonium lords (D)
  Mnoleg (D)
  4 orbs of fire (D)
  Dispater (D)
  Mara (D)
  5 ancient liches (D)
  Mennas (D)
  9 greater mummies (D)
  Boris (D)
  Frederick (D)
  Margery (D)
  Xtahua (D)
  Geryon (D)
  2 golden dragons (D)
  Jory (D)
  A bone dragon (D)
  Nikola (D)
  3 Brimstone Fiends (D)
  An electric golem (D)
  2 liches (D)
  A Tzitzimitl (D)
  4 tentacled monstrosities (D)
  An Ice Fiend (D)
  34 Orb Guardians (D)
  A deep elf master archer (D)
  A titan (D)
  3 deep elf blademasters (D)
  3 Executioners (D)
  4 quicksilver dragons (D)
  12 acid blobs (D)
  12 sphinxes (D)
  Kirke (D)
  8 shadow dragons (D)
  A daeva (D)
  2 storm dragons (D)
  3 nagarajas (D)
  3 draconian knights (D)
  An azure jelly (D)
  Ilsuiw (D)
  3 fire giants (D)
  A deep elf sorcerer (D)
  A ghost moth (D)
  A frost giant (D)
  A draconian shifter (D)
  A blood saint (D)
  An emperor scorpion (D)
  A cacodemon (D)
  A vault warden (D)
  A warmonger (D)
  An angel (D)
  A draconian scorcher (D)
  A draconian stormcaller (D)
  2 ironheart preservers (D)
  6 stone giants (D)
  3 draconian annihilators (D)
  6 vampire knights (D)
  4 entropy weavers (D)
  2 very ugly things (D)
  A corrupter (D)
  Nessos (D)
  4 black draconians (D)
  A green draconian (D)
  2 yellow draconians (D)
  4 red draconians (D)
  3 white draconians (D)
  A deep elf annihilator (D)
  4 purple draconians (D)
  A spark wasp (D)
  Snorg (D)
  A green death (D)
  6 death oozes (D)
  2 mummy priests (D)
  2 deep elf death magi (D)
  5 ettins (D)
  3 merfolk javelineers (D)
  4 great orbs of eyes (D)
  6 deep elf high priests (D)
  5 merfolk impalers (D)
  3 fire dragons (D)
  8 ice dragons (D)
  A hell beast (D)
  A rakshasa (D)
  25 vault guards (D)
  3 naga warriors (D)
  3 ogre magi (D)
  2 boulder beetles (D)
  8 hydras (D)
  2 centaur warriors (D)
  2 spriggan air magi (D)
  3 monstrous demonspawn (D)
  A ghost crab (D)
  2 merfolk aquamancers (D)
  A tengu warrior (D)
  A death knight (D)
  A deep troll shaman (D)
  3 alligators (D)
  An anaconda (shapeshifter) (D)
  3 deep troll earth magi (D)
  A death yak (D)
  2 orc high priests (D)
  A spriggan berserker (D)
  2 shock serpents (D)
  2 wretched stars (D)
  7 hell knights (D)
  2 sixfirhies (D)
  A sea snake (D)
  2 shadow wraiths (D)
  5 shadow demons (D)
  A cherub (D)
  2 glowing orange brains (D)
  2 starcursed masses (D)
  2 torturous demonspawn (D)
  An unseen horror (D)
  8 swamp dragons (D)
  2 harpies (D)
  3 ironbrand convokers (D)
  2 necromancers (D)
  9 orc knights (D)
  2 deep elf magi (D)
  3 ugly things (D)
  An oklob plant (D)
  5 wolf spiders (D)
  A manticore (D)
  4 orc sorcerers (D)
  3 black mambas (D)
  12 moths of wrath (D)
  2 guardian serpents (D)
  A merfolk siren (D)
  6 naga magi (D)
  A torpor snail (D)
  3 rust devils (D)
  A smoke demon (D)
  A gargoyle (D)
  2 vault sentinels (D)
  4 cane toads (D)
  An orange demon (D)
  3 demonic crawlers (D)
  6 hellwings (D)
  17 guardian mummies (D)
  An ice devil (D)
  A yaktaur (D)
  A wandering mushroom (D)
  8 jumping spiders (D)
  5 merfolk (D)
  2 red devils (D)
  9 large abominations (D)
  A wind drake (D)
  3 tyrant leeches (D)
  A bog body (D)
  2 slime creatures (D)
  2 blink frogs (D)
  A snapping turtle (D)
  A redback (D)
  11 spriggans (D)
  A ynoxinul (D)
  A tarantella (D)
  A yak (D)
  A spriggan (shapeshifter) (D)
  3 golden eyes (D)
  5 hogs (D)
  3 chaos spawn (D)
  A vampire mosquito (D)
  3 nagas (D)
  A neqoxec (D)
  8 water moccasins (D)
  An insubstantial wisp (D)
  2 acid dragons (D)
  4 floating eyes (D)
  11 orc warriors (D)
  A black bear (shapeshifter) (D)
  A black bear (D)
  A phantom (D)
  2 swamp drakes (D)
  A sky beast (D)
  2 ogres (D)
  7 bullfrogs (D)
  A scorpion (D)
  2 wights (D)
  An orc priest (D)
  2 orc wizards (D)
  An adder (D)
  2 shadow imps (D)
  An ufetubus (D)
  13 orcs (D)
  A bat skeleton (D)
  A giant cockroach (D)
  2 bats (D)
  A goblin (D)
  A jackal zombie (D)
  A rat (D)
  A lurking horror (D)
593 creatures vanquished.

Vanquished Creatures (others)
  5 ball lightnings (D)
5 creatures vanquished.

Grand Total: 598 creatures vanquished

Notes
Turn   | Place    | Note
-------+----------+-------------------------------------------
     0 | D        | tsouns the Naga Gladiator began the quest for the Orb.
     0 | D        | Reached XP level 1. HP: 19/19 MP: 1/1
     5 | D        | Reached skill level 1 in Stealth
   193 | D        | Noticed a sky beast
   193 | D        | Noticed a phantom
   197 | D        | Reached XP level 2. HP: 27/27 MP: 2/2
   201 | D        | Killed a sky beast
   201 | D        | Reached skill level 5 in Polearms
   201 | D        | Reached skill level 5 in Stealth
   201 | D        | Reached XP level 3. HP: 36/36 MP: 3/3
   201 | D        | Reached XP level 4. HP: 44/44 MP: 4/4
   206 | D        | Killed a phantom
   206 | D        | Reached XP level 5. HP: 51/51 MP: 5/5
   226 | D        | Found a roughly hewn altar of Beogh.
   226 | D        | Found a snail-covered altar of Cheibriados.
   226 | D        | Found a shadowy altar of Dithmenos.
   226 | D        | Found a white marble altar of Elyvilon.
   226 | D        | Found a blossoming altar of Fedhas.
   226 | D        | Found an opulent altar of Gozag.
   227 | D        | Found a hazy altar of Hepliaklqana.
   228 | D        | Found a viscous altar of Jiyva.
   229 | D        | Found an ancient bone altar of Kikubaaqudgha.
   230 | D        | Became a worshipper of Cheibriados the Contemplative
   231 | D        | Found a corrupted altar of Lugonu.
   232 | D        | Found a burning altar of Makhleb.
   233 | D        | Found a sparkling altar of Nemelex Xobeh.
   234 | D        | Found an iron altar of Okawaru.
   235 | D        | Found a stormy altar of Qazlal.
   236 | D        | Found a sacrificial altar of Ru.
   237 | D        | Found a shimmering blue altar of Sif Muna.
   238 | D        | Found a bloodstained altar of Trog.
   239 | D        | Found a hide-covered altar of Uskayaw.
   240 | D        | Found a radiant altar of Vehumet.
   241 | D        | Found an ornate altar of the Wu Jian Council.
   242 | D        | Found a shimmering altar of Xom.
   243 | D        | Found a basalt altar of Yredelemnul.
   244 | D        | Found a glowing silver altar of Zin.
   245 | D        | Found a glowing golden altar of the Shining One.
   292 | D        | Noticed an ogre
   292 | D        | Noticed a gargoyle
   293 | D        | Reached skill level 5 in Fighting
   293 | D        | Reached XP level 6. HP: 61/61 MP: 6/6
   295 | D        | Reached * piety under Cheibriados
   296 | D        | Reached skill level 5 in Throwing
   296 | D        | Reached skill level 5 in Dodging
   298 | D        | Reached ** piety under Cheibriados
   300 | D        | Reached XP level 7. HP: 67/69 MP: 7/7
   302 | D        | Killed a gargoyle
   302 | D        | Reached *** piety under Cheibriados
   302 | D        | Reached skill level 10 in Polearms
   302 | D        | Reached skill level 10 in Stealth
   341 | D        | Noticed a deep elf mage
   341 | D        | Noticed a cyan ugly thing
   347 | D        | Killed a deep elf mage
   347 | D        | Reached **** piety under Cheibriados
   347 | D        | Reached XP level 8. HP: 75/81 MP: 8/8
   354 | D        | Killed a cyan ugly thing
   354 | D        | Reached ***** piety under Cheibriados
   354 | D        | Reached XP level 9. HP: 60/90 MP: 9/9
   663 | D        | Noticed a cane toad
   667 | D        | Reached skill level 1 in Invocations
   667 | D        | Reached skill level 1 in Evocations
   669 | D        | Reached skill level 1 in Armour
   674 | D        | Killed a cane toad
   674 | D        | Reached ****** piety under Cheibriados
   890 | D        | Noticed a cane toad
   890 | D        | Noticed a torpor snail
   890 | D        | Noticed an oklob plant
   890 | D        | Noticed a death yak
   891 | D        | Noticed a seven-headed hydra
   893 | D        | Killed a cane toad
   897 | D        | Killed a torpor snail
   897 | D        | Reached XP level 10. HP: 69/99 MP: 11/13
   907 | D        | Killed an oklob plant
   910 | D        | Killed a death yak
   910 | D        | Reached skill level 5 in Invocations
   911 | D        | HP: 3/102 [yak (14)]
  1275 | D        | Reached skill level 5 in Evocations
  1285 | D        | Reached skill level 10 in Fighting
  1299 | D        | Killed an 11-headed hydra
  1565 | D        | Noticed a cane toad
  1569 | D        | Killed a cane toad
  1569 | D        | Reached skill level 15 in Stealth
  1571 | D        | Reached XP level 11. HP: 95/110 MP: 4/16
  2050 | D        | Noticed an orc knight
  2050 | D        | Noticed an orc knight
  2057 | D        | Killed an orc knight
  2059 | D        | Killed an orc knight
  2059 | D        | Reached skill level 15 in Polearms
  2187 | D        | Noticed an orc knight
  2187 | D        | Noticed an orc sorcerer
  2192 | D        | Killed an orc sorcerer
  2197 | D        | Killed an orc knight
  2210 | D        | Noticed an orc knight
  2219 | D        | Killed an orc knight
  2463 | D        | Found Tiruf's General Store.
  2463 | D        | Noticed an orc sorcerer
  2463 | D        | Noticed an orc knight
  2464 | D        | Noticed an orc sorcerer
  2466 | D        | Killed an orc sorcerer
  2468 | D        | Found Wankaad's Jewellery Shoppe.
  2468 | D        | Noticed an orc sorcerer
  2479 | D        | Killed an orc knight
  2479 | D        | Killed an orc sorcerer
  2480 | D        | Killed an orc sorcerer
  2530 | D        | Noticed an orc high priest
  2661 | D        | Killed an orc high priest
  2661 | D        | Reached skill level 10 in Invocations
  2668 | D        | Found Lesch's Jewellery Emporium.
  2672 | D        | Found Iroz's Armour Shoppe.
  2676 | D        | Bought a potion of heal wounds for 50 gold pieces
  2676 | D        | Bought a scroll of identify for 20 gold pieces
  2676 | D        | Bought a scroll of identify for 20 gold pieces
  2676 | D        | Noticed an orc knight
  2678 | D        | Noticed an orc high priest
  2690 | D        | Killed an orc knight
  2692 | D        | Killed an orc high priest
  2692 | D        | Reached XP level 12. HP: 71/123 MP: 13/19
  2710 | D        | Bought the amulet "Pus Zetz" {Faith +Inv Str+10 Int-3
                  | Stlth+} for 1001 gold pieces
  2710 | D        | Bought a +6 ring of dexterity for 819 gold pieces
  3032 | D        | Noticed an eight-headed hydra
  3032 | D        | Noticed a centaur warrior
  3038 | D        | Noticed an eight-headed hydra
  3039 | D        | Killed a centaur warrior
  3039 | D        | Noticed a great orb of eyes
  3040 | D        | Killed an eight-headed hydra
  3042 | D        | Killed an eight-headed hydra
  3047 | D        | Killed a great orb of eyes
  3048 | D        | Noticed a red very ugly thing
  3236 | D        | Noticed a stone giant
  3239 | D        | Noticed an ogre mage
  3242 | D        | Noticed an ettin
  3246 | D        | Killed a red very ugly thing
  3248 | D        | Killed an ogre mage
  3250 | D        | Killed an ettin
  3251 | D        | Killed a stone giant
  3543 | D        | Noticed Kirke
  3554 | D        | Killed Kirke
  3554 | D        | Reached skill level 5 in Armour
  3554 | D        | Gained mutation: You can use your snake-like lower body to
                  | constrict enemies. [Naga growth]
  3554 | D        | Reached XP level 13. HP: 133/135 MP: 2/22
  3700 | D        | Noticed Snorg
  3706 | D        | Killed Snorg
  4093 | D        | Noticed an entropy weaver
  4093 | D        | Noticed an entropy weaver
  4096 | D        | Killed an entropy weaver
  4096 | D        | Reached skill level 10 in Dodging
  4097 | D        | Killed an entropy weaver
  4097 | D        | Reached skill level 15 in Fighting
  4280 | D        | Noticed a merfolk javelineer
  4280 | D        | Noticed a merfolk impaler
  4295 | D        | Killed a merfolk javelineer
  4295 | D        | Reached XP level 14. HP: 70/148 MP: 2/25
  4299 | D        | Reached skill level 15 in Invocations
  4654 | D        | Noticed a stone giant
  4654 | D        | Noticed a fire giant
  4659 | D        | Killed a stone giant
  4660 | D        | Killed a fire giant
  5024 | D        | Noticed a brown very ugly thing
  5029 | D        | Reached skill level 10 in Armour
  5036 | D        | Killed a brown very ugly thing
  5128 | D        | Noticed an ironheart preserver
  5128 | D        | Noticed an entropy weaver
  5137 | D        | Killed an ironheart preserver
  5138 | D        | Noticed a vault warden
  5140 | D        | Noticed an ironheart preserver
  5145 | D        | Killed an entropy weaver
  5145 | D        | Killed an ironheart preserver
  5150 | D        | Killed a vault warden
  5150 | D        | Reached skill level 10 in Evocations
  5154 | D        | Reached XP level 15. HP: 131/160 MP: 8/27
  5316 | D        | Noticed Nessos
  5318 | D        | Noticed Jory
  5322 | D        | Killed Nessos
  5337 | D        | Killed Jory
  5689 | D        | Noticed Mara
  5700 | D        | Killed Mara
  5728 | D        | Found the +8 mithril axe "Arga" {speed, MR+}
  5846 | D        | Noticed Xtahua
  5852 | D        | Paralysed by Xtahua for 7 turns
  5865 | D        | Killed Xtahua
  6127 | D        | Noticed Nikola
  6135 | D        | Killed Nikola
  6137 | D        | Noticed Mennas
  6152 | D        | Killed Mennas
  6334 | D        | Noticed Boris
  6348 | D        | Killed Boris
  6380 | D        | Noticed an emperor scorpion
  6381 | D        | Reached XP level 16. HP: 174/174 MP: 29/29
  6406 | D        | Got a gossamer rune of Zot
  6506 | D        | Reached skill level 15 in Dodging
  6547 | D        | Got a decaying rune of Zot
  6556 | D        | Noticed Ilsuiw
  6562 | D        | Reached skill level 1 in Shields
  6575 | D        | Killed Ilsuiw
  6731 | D        | Got a barnacled rune of Zot
  6795 | D        | Noticed a nagaraja
  6806 | D        | Reached skill level 15 in Evocations
  6808 | D        | Noticed a nagaraja
  6811 | D        | Noticed a nagaraja
  6816 | D        | Killed a nagaraja
  6822 | D        | Killed a nagaraja
  6830 | D        | Killed a nagaraja
  6849 | D        | Got a serpentine rune of Zot
  7105 | D        | Reached skill level 5 in Shields
  7159 | D        | Reached XP level 17. HP: 171/187 MP: 31/31
  7241 | D        | Reached skill level 15 in Armour
  7265 | D        | Reached skill level 10 in Throwing
  7533 | D        | Noticed a quicksilver dragon
  7533 | D        | Noticed a titan
  7533 | D        | Noticed a lich
  7551 | D        | Killed a quicksilver dragon
  7551 | D        | Killed a lich
  7553 | D        | Killed a titan
  7573 | D        | Got a silver rune of Zot
  7761 | D        | Noticed Margery
  7774 | D        | Killed Margery
  7884 | D        | Got the ring "Winkil" {+Fly Str-5 Int+3 Dex+4}
  7887 | D        | Got the amulet "Otaplu" {Reflect rElec SH+5}
  7890 | D        | Got the ring of Umnael {+Fly rC+ rN+ MR+}
  7892 | D        | Got the ring of Agurgh {*Corrode rC+ MR+++ Str-3 Int+9}
  7895 | D        | Got the amulet "Xuelulya" {RegenMP *Drain +Blink rElec
                  | Int+4}
  7947 | D        | Got the +3 shadow dragon scales of the Trout {rElec rC-
                  | rN+++ Str-2 Stlth++++}
  8022 | D        | Noticed Frederick
  8033 | D        | Killed Frederick
  8033 | D        | Reached skill level 10 in Shields
  8131 | D        | Reached XP level 18. HP: 182/201 MP: 27/33
  8316 | D        | Noticed a quicksilver dragon
  8316 | D        | Noticed a tentacled monstrosity
  8319 | D        | Killed a quicksilver dragon
  8320 | D        | Noticed a quicksilver dragon
  8327 | D        | Killed a quicksilver dragon
  8330 | D        | Killed a tentacled monstrosity
  8390 | D        | Noticed a tentacled monstrosity
  8390 | D        | Noticed a golden dragon
  8396 | D        | Killed a tentacled monstrosity
  8396 | D        | Killed a golden dragon
  8491 | D        | Noticed a tentacled monstrosity
  8504 | D        | Killed a tentacled monstrosity
  8509 | D        | Reached skill level 27 in Stealth
  8519 | D        | Noticed a quicksilver dragon
  8519 | D        | Noticed a golden dragon
  8524 | D        | Killed a quicksilver dragon
  8524 | D        | Reached skill level 15 in Throwing
  8526 | D        | Reached XP level 19. HP: 174/213 MP: 8/35
  8526 | D        | Killed a golden dragon
  8781 | D        | Noticed a tentacled monstrosity
  8783 | D        | Killed a tentacled monstrosity
  8956 | D        | Noticed an ancient lich
  8963 | D        | Killed an ancient lich
  8966 | D        | Noticed an orb of fire
  8968 | D        | Gained mutation: Your body sometimes deteriorates upon
                  | taking damage. [an orb of fire]
  8972 | D        | Gained mutation: You are frail. (-10% HP) [an orb of fire]
  8973 | D        | Killed an orb of fire
  9009 | D        | Noticed an electric golem
  9010 | D        | Killed an electric golem
  9010 | D        | Reached skill level 15 in Shields
  9013 | D        | Noticed an orb of fire
  9016 | D        | Killed an orb of fire
  9018 | D        | Noticed an orb of fire
  9023 | D        | Reached XP level 20. HP: 205/205 MP: 23/37
  9023 | D        | Reached skill level 27 in Invocations
  9024 | D        | Killed an orb of fire
  9032 | D        | Noticed an orb of fire
  9039 | D        | Killed an orb of fire
  9409 | D        | Noticed an ancient lich
  9409 | D        | Noticed an ancient lich
  9418 | D        | Killed an ancient lich
  9419 | D        | Killed an ancient lich
  9422 | D        | Reached XP level 21. HP: 148/217 MP: 19/38
  9423 | D        | Noticed an ancient lich
  9426 | D        | Noticed an ancient lich
  9434 | D        | Killed an ancient lich
  9469 | D        | Killed an ancient lich
  9761 | D        | Reached skill level 27 in Fighting
  9780 | D        | Got an elven rune of Zot
  9829 | D        | Reached skill level 27 in Polearms
  9834 | D        | Noticed the Royal Jelly
  9837 | D        | Killed the Royal Jelly
  9847 | D        | Paralysed by a floating eye for 3 turns
  9857 | D        | Paralysed by a floating eye for 2 turns
  9859 | D        | Paralysed by a floating eye for 3 turns
  9941 | D        | Got a slimy rune of Zot
 10079 | D        | Reached XP level 22. HP: 176/228 MP: 39/39
 10228 | D        | Noticed a greater mummy
 10228 | D        | Noticed a greater mummy
 10232 | D        | Killed a greater mummy
 10237 | D        | Killed a greater mummy
 10242 | D        | Noticed a greater mummy
 10251 | D        | Killed a greater mummy
 10352 | D        | Noticed a greater mummy
 10352 | D        | Noticed a greater mummy
 10352 | D        | Noticed a greater mummy
 10352 | D        | Noticed a greater mummy
 10352 | D        | Noticed a greater mummy
 10353 | D        | Noticed a greater mummy
 10354 | D        | Killed a greater mummy
 10354 | D        | Reached skill level 27 in Evocations
 10355 | D        | Killed a greater mummy
 10359 | D        | Killed a greater mummy
 10364 | D        | Killed a greater mummy
 10370 | D        | Killed a greater mummy
 10373 | D        | Killed a greater mummy
 10813 | D        | Got a golden rune of Zot
 11087 | D        | Got an abyssal rune of Zot
 11248 | D        | Noticed Geryon
 11257 | D        | Killed Geryon
 11263 | D        | Noticed Gloorx Vloq
 11263 | D        | Noticed Ereshkigal
 11264 | D        | Noticed Mnoleg
 11267 | D        | Killed Gloorx Vloq
 11269 | D        | Identified the +4 staff of Dispater
 11269 | D        | Noticed Dispater
 11276 | D        | Killed Ereshkigal
 11285 | D        | Killed Mnoleg
 11285 | D        | Reached XP level 23. HP: 86/235 MP: 1/40
 11293 | D        | Killed Dispater
 11598 | D        | Got a dark rune of Zot
 11607 | D        | Got a bone rune of Zot
 11609 | D        | Identified the +7 sceptre of Asmodeus
 11609 | D        | Noticed Asmodeus
 11611 | D        | Got a glowing rune of Zot
 11613 | D        | Identified the +6 sword of Cerebov {flame}
 11613 | D        | Noticed Cerebov
 11629 | D        | Killed Asmodeus
 11629 | D        | Reached skill level 27 in Dodging
 11631 | D        | Noticed Lom Lobon
 11639 | D        | Killed Cerebov
 11639 | D        | Reached skill level 27 in Throwing
 11639 | D        | Reached skill level 27 in Armour
 11742 | D        | Killed Lom Lobon
 11743 | D        | Noticed Antaeus
 11801 | D        | Killed Antaeus
 11801 | D        | Reached skill level 27 in Shields
 11801 | D        | Reached skill level 10 in Spellcasting
 12101 | D        | Got an iron rune of Zot
 12107 | D        | Got an obsidian rune of Zot
 12111 | D        | Got a fiery rune of Zot
 12115 | D        | Got a magical rune of Zot
 12119 | D        | Got an icy rune of Zot
 12532 | D        | Got the Orb of Zot
 12838 | D        | Noticed Suimig the pandemonium lord
 12841 | D        | Killed Suimig the pandemonium lord
 12845 | D        | Reached skill level 10 in Unarmed Combat
 12847 | D        | Noticed Jemebros the pandemonium lord
 12848 | D        | Killed Jemebros the pandemonium lord
 12880 | D        | Reached skill level 15 in Spellcasting
 13115 | D        | Noticed Kopeta the pandemonium lord
 13121 | D        | Killed Kopeta the pandemonium lord
 13121 | D        | Reached skill level 15 in Unarmed Combat
 13122 | D        | Reached XP level 24. HP: 124/244 MP: 29/44
 13158 | D        | Noticed Ygyiwush the pandemonium lord
 13165 | D        | Killed Ygyiwush the pandemonium lord
 13277 | D        | Noticed a seraph
 13286 | D        | Killed a seraph
 13808 | D        | Noticed Xunk the pandemonium lord
 13818 | D        | Killed Xunk the pandemonium lord
 14246 | D        | Escaped with the Orb!

Illustrated notes

Levels and vault maps discovered:
D:        linesprint [early_d, line_temple, items_1, d_10, items_2, lair_1,
          lair_end, items_3, orc_1, orc_end, items_4, d_15, swamp_1, shoals_1,
          snake_1, spider_1, d_20, vaults_1, items_5, swamp_end, shoals_end,
          snake_end, spider_end, vaults_end, d_27, items_6, zot_1, zot_end,
          crypt_end, forest_end, elf_end, slime_end, tomb_end, abyss_end,
          pan_hell_end]

Skill      XL: |  1  2  3  4  5  6  7  8  9 10 11 12 13 14 15 16 17 18 19 20 21 22 23 24 |
---------------+-------------------------------------------------------------------------+-----
Throwing       | 2 3 4 5 7 9 12 15 17 19 22 25 27 | 27.0
Stealth        | 2 5 6 7 9 11 12 13 15 17 19 21 24 27 | 27.0
Polearms       | 4 5 7 9 10 11 12 14 16 18 19 20 22 24 26 27 | 27.0
Fighting       | 4 5 6 7 8 9 10 12 14 15 17 18 20 21 23 24 26 27 | 27.0
Dodging        | 3 4 5 6 7 8 11 12 14 16 17 19 20 22 24 26 27 | 27.0
Invocations    | 4 7 10 12 14 16 18 20 22 24 26 27 | 27.0
Evocations     | 4 5 6 10 13 15 17 19 21 23 26 27 | 27.0
Armour         | 3 4 5 8 11 13 14 16 18 19 21 23 26 27 | 27.0
Shields        | 6 10 13 15 17 20 23 27 | 27.0
Spellcasting   | 17 22 | 22.6
Unarmed Combat | 16 22 | 22.6

Action                   |  1- 3 |  4- 6 |  7- 9 | 10-12 | 13-15 | 16-18 | 19-21 | 22-24 || total
-------------------------+-------+-------+-------+-------+-------+-------+-------+-------++-------
Melee: Trident           |    23 |     9 |       |       |       |       |       |       ||    32
       Halberd           |       |     8 |    68 |   131 |    60 |       |       |       ||   267
       Constrict         |       |       |       |       |    17 |    37 |    11 |    35 ||   100
       Glaive            |       |       |       |       |    80 |       |       |       ||    80
       Trishula          |       |       |       |       |    10 |   394 |   222 |   315 ||   941
Throw: Throwing net      |       |       |     1 |       |       |       |       |       ||     1
       Boomerang         |       |       |       |       |    13 |     5 |       |       ||    18
       Javelin           |       |       |       |       |     2 |     1 |    26 |       ||    29
Invok: Slouch            |       |       |       |    23 |    31 |    42 |    29 |    41 ||   166
       Temporal Distorti |       |       |       |       |       |       |     1 |     1 ||     2
 Abil: Spit Poison       |       |       |       |       |     2 |       |       |     1 ||     3
Evoke: Wand              |       |       |       |     6 |       |       |       |       ||     6
  Use: Potion            |     1 |       |       |     2 |     1 |       |       |    17 ||    21
       Scroll            |       |       |       |     1 |     9 |    10 |       |     3 ||    23
 Stab: Sleeping          |       |       |     1 |     3 |    12 |    16 |    19 |    13 ||    64
       Held in net/web   |       |       |     1 |       |       |       |       |       ||     1
       Invisible         |       |       |       |     3 |       |       |       |       ||     3
       Distracted        |       |       |       |     2 |       |     2 |       |     5 ||     9
       Confused          |       |       |       |       |       |     1 |       |       ||     1
Armor: Leather armour    |    10 |     1 |       |       |       |       |       |       ||    11
       Chain mail        |       |     2 |       |       |       |       |       |       ||     2
       Plate armour      |       |       |    10 |    23 |       |       |       |       ||    33
       Fire dragon scale |       |       |       |    14 |    40 |       |       |       ||    54
       Shadow dragon sca |       |       |       |       |    22 |   102 |    16 |    51 ||   191
Dodge: Dodged            |     4 |     4 |    32 |    53 |    71 |   152 |    21 |    67 ||   404
Block: Tower shield      |       |       |       |       |       |   143 |   100 |   237 ||   480

Table legend: (Time is in decaauts) A = Elapsed time spent in this place. B = Non-inter-level travel time spent in this place. C = Inter-level travel time spent in this place. D = Time resting spent in this place. E = Time spent auto-exploring this place. F = Levels seen in this place. G = Mean time per level. A B C D E F G +--------+--------+--------+--------+--------+-----+--------+ Total | 21283 | 16886 | 4397 | 7387 | 4159 | 1 | 21283.0 | Dungeon | 21283 | 16886 | 4397 | 7387 | 4159 | 1 | 21283.0 | +--------+--------+--------+--------+--------+-----+--------+

Top non-repeatable levels by time:
       D: 21283 daAuts
